 Dungeon Crawl Stone Soup version 0.29.1-1-gd02db6906a (webtiles) character file.

Game seed: 16456156920215367858

212 RascalDebosk the Magician (level 6, 0/67 HPs)
             Began as a Djinni Air Elementalist on Oct 22, 2022.
             Slain by Pikel
             ... wielding a +0 whip of flaming
              (1 damage)
             ... on level 4 of the Dungeon.
             The game lasted 00:13:46 (3677 turns).

RascalDebosk the Magician (Djinni Air Elementalist) Turns: 3677, Time: 00:13:47

Health: 0/67       AC: 23    Str:  7    XL:     6   Next: 13%
Gold:   258        EV:  2    Int: 25    God:
                   SH:  3    Dex: 13

rFire   . . .      SeeInvis .   (no weapon)
rCold   . . .      Faith    .   p - +0 buckler
rNeg    . . .      Spirit   .   (body armour currently unavailable)
rPois   ∞          Reflect  .   (helmet currently unavailable)
rElec   .          Harm     .   (cloak currently unavailable)
rCorr   .          Rampage  .   (gloves currently unavailable)
Will    .....      NoTele   +   (boots unavailable)
Stlth   ++........              (no amulet)
HPRegen 0.21/turn               f - +6 ring of intelligence
MPRegen 0.00/turn               (no ring)

@: tree-form
A: stationary, stasis, torment immunity, boosted hp, sickness immunity, (fire
resistance 2), (cold vulnerability 1), float, innate caster, HP casting, extra
vitality 1
a: no special abilities


You were on level 4 of the Dungeon.
You were a tree.
You visited 1 branch of the dungeon, and saw 4 of its levels.

You collected 258 gold pieces.

Inventory:

Armour
 a - a +0 robe (melded)
 m - a +0 cloak (melded)
 p - a +0 buckler (worn)
Jewellery
 f - a +6 ring of intelligence (left branch)
Scrolls
 b - a scroll of enchant weapon {unknown}
 c - a scroll of teleportation {unknown}
 e - a scroll of torment {unknown}
 h - a scroll of summoning {unknown}
 i - 2 scrolls of identify
 j - a scroll of noise {unknown}
 k - 2 scrolls of blinking {unknown}
 n - a scroll of vulnerability {unknown}
Potions
 g - a potion of brilliance {unknown}
 l - a potion of might {unknown}
 o - a potion of flight {unknown}


   Skills:
 + Level 2.9 Fighting
 - Level 2.1 Dodging
 - Level 1.5 Stealth
 + Level 0.0 Shields
 * Level 4.2 Spellcasting


You couldn't memorise any spells.
You knew the following spells:

 Your Spells              Type           Power      Damage    Failure   Level
a - Shock                 Conj/Air       100%       1d9       1%          1
b - Static Discharge      Conj/Air       26%        3-7/arc   3%          2
c - Swiftness             Air            26%        N/A       6%          3
d - Airstrike             Air            13%        2d(2-18)  21%         4
e - Sting                 Tmut/Pois      100%       1d8       1%          1
f - Call Imp              Summ           26%        N/A       3%          2
Your spell library was empty.

Dungeon Overview and Level Annotations

Branches:
Dungeon (4/15)
 Temple: D:4-7

Altars:
Nemelex Xobeh

Annotations:
D:4 Pikel


Innate Abilities, Weirdness & Mutations

You are a tree.
Your roots penetrate the ground, keeping you stationary.
You cannot be teleported.
You are immune to unholy pain and torment.
Your maximum health is greatly increased.
Your equipment is partially melded.
You are immune to sickness and miasma.
You are immune to poison.
((Your flesh is very heat resistant. (rF++)))
((You are vulnerable to cold. (rC-)))
You float through the air rather than walking.
You learn spells naturally, not from books.
Your magical power is your life essence.
You have superior vitality. (+4 MHP)


Message History

Casting: Shock (safe; 1% risk of failure)
Confirm with . or Enter, or press ? or * to list all spells.
The lemure is struck by an arc of lightning!
The lemure is moderately wounded.
You are struck by an arc of lightning.
The lemure is struck by an arc of lightning!
The lemure is severely wounded.
The lemure is struck by an arc of lightning!
The lemure is severely wounded.
The lightning grounds out.
A lemure comes into view.
The lemure barely misses you.
Casting: Static Discharge (safe; 3% risk of failure)
Confirm with . or Enter, or press ? or * to list all spells.
The lemure is struck by an arc of lightning!
You kill the lemure!
That felt strangely unrewarding.
You are struck by an arc of lightning.
Casting: Static Discharge (safe; 3% risk of failure)
Confirm with . or Enter, or press ? or * to list all spells.
The lemure is struck by an arc of lightning.
The lemure is almost dead.
You are struck by an arc of lightning.
The lemure is struck by an arc of lightning!
You kill the lemure!
That felt strangely unrewarding.
You are struck by an arc of lightning.
The lightning grounds out.
Casting: Static Discharge (safe; 3% risk of failure)
Confirm with . or Enter, or press ? or * to list all spells.
You feel quick.
Casting: Swiftness (dangerous; 6% risk of failure)
Confirm with . or Enter, or press ? or * to list all spells.
Pikel is struck by an arc of lightning.
Pikel is lightly wounded.
You are struck by an arc of lightning.
* * * LOW HITPOINT WARNING * * *
The lightning grounds out.
* * * LOW HITPOINT WARNING * * *
Pikel hits you with a +0 whip of flaming!
* * * LOW HITPOINT WARNING * * *
Pikel burns you.
* * * LOW HITPOINT WARNING * * *
Things that are here:
a +0 short sword; an orc skeleton
Things that are here:
a +0 hand axe; a +0 scale mail; an iguana skeleton You start to feel a little slower.
You feel sluggish.
You start to feel a little faster.
Casting: Static Discharge (safe; 3% risk of failure)
Confirm with . or Enter, or press ? or * to list all spells.
The spell is quite dangerous to miscast (21% risk of failure)!
Continue anyway?
Aiming: Airstrike (quite dangerous; 21% risk of failure)
Press: ? - help, Dir - move target, f/p - Pikel
Aim: Pikel, wielding a +0 whip of flaming and wearing a +0 robe (lightly wounded, empty space bonus: 8/8)
The air twists around and strikes Pikel.
Pikel is lightly wounded.
* * * LOW HITPOINT WARNING * * *
Casting: Airstrike (quite dangerous; 21% risk of failure)
Confirm with . or Enter, or press ? or * to list all spells.
Pikel is struck by an arc of lightning!
Pikel is moderately wounded.
You are struck by an arc of lightning.
* * * LOW HITPOINT WARNING * * *
Pikel is struck by an arc of lightning!
Pikel is heavily wounded.
You are struck by an arc of lightning.
* * * LOW HITPOINT WARNING * * *
The lightning grounds out.
* * * LOW HITPOINT WARNING * * *
Pikel hits you with a +0 whip of flaming.
* * * LOW HITPOINT WARNING * * *
As you read the scroll labelled LUSUMP HOCSAWN, it crumbles to dust.
It is a scroll of identify.
d - a potion of lignification Pikel closely misses you.
You turn into a tree.
Your +0 cloak melds into your body.
Your +0 robe melds into your body.
Your roots penetrate the ground.
You no longer feel sluggish.
Pikel hits you with a +0 whip of flaming.
* * * LOW HITPOINT WARNING * * *
Pikel burns you.
* * * LOW HITPOINT WARNING * * *
You don't have enough health to cast this spell.
You don't have enough health to cast this spell.
Unknown command.
You barely miss Pikel.
Pikel is heavily wounded.
Pikel hits you but does no damage.
You barely miss Pikel.
Pikel is heavily wounded.
Pikel hits you but does no damage.
You hit Pikel but do no damage.
Pikel is heavily wounded.
Pikel hits you but does no damage.
You barely miss Pikel.
Pikel is heavily wounded.
Pikel hits you with a +0 whip of flaming.
* * * LOW HITPOINT WARNING * * *
Pikel burns you.
You die...

#.# #5# #.#
##########.# #.#
#.......##...)...#
##.##
#.......######...#
#...#####.......#
##
#.......#.......#
#...###.#.......##
##### #.#........#
#.....K♣..#
#.........##
##...........#
##..........#.##
#.#............#
##...............
##............#.
#.........####
#.........#


You could see Pikel.

Vanquished Creatures
  2 lemures (D:4)
  An orc priest (D:3)
  An iguana (D:4)
  An orc wizard (D:3)
  5 adders
  4 worms
  A dart slug (D:2)
  10 orcs
  7 ball pythons
  6 endoplasms
  3 giant cockroaches
  2 goblins
  4 hobgoblins
  3 jackals (D:1)
  4 quokkas (D:3)
  6 frilled lizards
  4 kobolds
  5 rats
69 creatures vanquished.

Notes
Turn   | Place    | Note
-------+----------+-------------------------------------------
     0 | D:1      | RascalDebosk the Djinni Air Elementalist began the quest
                  | for the Orb.
     0 | D:1      | RascalDebosk set off with the following spells memorised:
                  | Shock, Static Discharge, Swiftness, Airstrike.
     0 | D:1      | Reached XP level 1. HP: 15/15 MP: 0/0
    33 | D:1      | You are sucked into a shaft and drop 1 floor!
    80 | D:2      | Reached XP level 2. HP: 1/22 MP: 0/0
   640 | D:1      | Reached skill level 1 in Fighting
   951 | D:1      | Reached XP level 3. HP: 26/27 MP: 0/0
   951 | D:1      | Learned a level 1 spell: Sting
  1042 | D:1      | Reached skill level 3 in Spellcasting
  1954 | D:2      | Reached XP level 4. HP: 27/33 MP: 0/0
  2181 | D:3      | Found a sparkling altar of Nemelex Xobeh.
  2317 | D:3      | Reached XP level 5. HP: 32/38 MP: 0/0
  2317 | D:3      | Learned a level 2 spell: Call Imp
  2687 | D:3      | Reached skill level 4 in Spellcasting
  3414 | D:4      | Reached XP level 6. HP: 21/45 MP: 0/0
  3624 | D:4      | Noticed Pikel
  3671 | D:4      | HP: 2/45 [Pikel/+0 whip of flaming (6)]
  3677 | D:4      | HP: 1/67 [Pikel/+0 whip of flaming (1)]
  3677 | D:4      | Slain by Pikel

Illustrated notes

Levels and vault maps discovered:
D:1:      psy_arrival_whirlpool, layout_loops_cross, minivault_25
D:2:      layout_rooms
D:3:      layout_loops_corners, mainiacjoe_overflow_catwalk,
          nicolae_sif_muna_little_library
D:4:      layout_loops_cross, uniq_pikel

Skill      XL: |  1  2  3  4  5 |
---------------+----------------+-----
Fighting       | 1 2 |  2.9
Spellcasting   | 3 4 |  4.2
Dodging        | |  2.1
Stealth        | |  1.5

Action                   |  1- 3 |  4- 6 || total
-------------------------+-------+-------++-------
Melee: Unarmed           |       |     5 ||     5
 Cast: Shock             |    68 |    71 ||   139
       Static Discharge  |     1 |     8 ||     9
       Call Imp          |       |     1 ||     1
       Swiftness         |       |     1 ||     1
       Airstrike         |       |     1 ||     1
  Use: Scroll            |       |     1 ||     1
       Potion            |       |     1 ||     1
Armor: Robe              |       |     3 ||     3
       Skin              |       |     3 ||     3
Dodge: Dodged            |     3 |     4 ||     7
